 Dungeon Crawl Stone Soup version 0.30.1-9-gdf580d7c3d (webtiles) character file.

Game seed: 1588380865749766651

142623 Peloso the Fencer (level 16, -17/157 HPs)
             Began as a Minotaur Fighter on Oct 1, 2023.
             Was the Champion of Okawaru.
             Demolished by Mlioglotl (25 damage)
             ... on level 2 of the Swamp.
             The game lasted 01:25:58 (27060 turns).

Peloso the Fencer (Minotaur Fighter)               Turns: 27060, Time: 01:25:59

Health: -17/157    AC: 24    Str: 30    XL:     16   Next: 80%
Magic:  8/8        EV: 16    Int:  7    God:    Okawaru [******]
Gold:   2964       SH: 10    Dex: 22    Spells: 15/15 levels left

rFire   + . .        Z - +7 demon blade "Kyewuwnay" {vamp, Fragile rC++}
rCold   + + +        d - +1 buckler {rF+}
rNeg    . . .        q - +2 chain mail {rC+}
rPois   +            M - +2 hat
rElec   .            n - scarf of Derghakk {shadows, Regen+ MP-9 Str+4}
rCorr   .            W - +1 pair of gloves of Isadu {rPois Str+3 Int+2}
SInv    .            F - +2 pair of boots {Stlth+}
Will    +....        s - amulet of regeneration
Stlth   +            x - +6 ring of dexterity
HPRegen 2.06/turn    D - ring of protection from cold
MPRegen 0.11/turn

%: no passive effects
@: afraid, slowed, very slow
A: horns 2, retaliatory headbutt
a: Renounce Religion, Heroism, Finesse, Duel


You were on level 2 of the Swamp.
You worshipped Okawaru.
Okawaru was exalted by your worship.
You visited 6 branches of the dungeon, and saw 27 of its levels.
You also visited: Ice Cave.

You collected 3505 gold pieces.
You spent 541 gold pieces at shops.

Inventory:

Hand Weapons
 a - the +8 falchion "Xeontu" {venom, Int+2}
   (Okawaru gifted it to you on level 11 of the Dungeon)

   Int:       It affects your intelligence (+2).
 b - the +4 long sword "Duskoist" {freeze, rPois rF+ rC-}
   (You bought it in a shop on level 2 of the Orcish Mines)

   rF:        It protects you from fire.
   rC:        It makes you vulnerable to cold.
   rPois:     It protects you from poison.
 c - a +3 scimitar of flaming
 Z - the +7 demon blade "Kyewuwnay" (weapon) {vamp, Fragile rC++}
   (Okawaru gifted it to you on level 4 of the Lair of Beasts)

   rC:        It greatly protects you from cold.
   Fragile:   It will be destroyed if unequipped.
Armour
 d - a +1 buckler of fire resistance (worn)
 n - the scarf of Derghakk (worn) {shadows, Regen+ MP-9 Str+4}
   (Okawaru gifted it to you on level 1 of the Spider Nest)

   Str:       It affects your strength (+4).
   MP:        It affects your magic capacity (-9).
   Regen:     It increases your rate of health regeneration.
 q - a +2 chain mail of cold resistance (worn)
 w - a scarf of resistance
 F - a +2 pair of boots of stealth (worn)
 M - a +2 hat (worn)
 W - the +1 pair of gloves of Isadu (worn) {rPois Str+3 Int+2}
   (Okawaru gifted it to you on level 2 of the Orcish Mines)

   Str:       It affects your strength (+3).
   Int:       It affects your intelligence (+2).
   rPois:     It protects you from poison.
Jewellery
 f - a +4 ring of protection
 i - a ring of poison resistance
 p - an amulet of reflection
 s - an amulet of regeneration (around neck)
 v - an amulet of magic regeneration
 x - a +6 ring of dexterity (left hand)
 B - a +6 ring of dexterity
 D - a ring of protection from cold (right hand)
 H - a ring of see invisible
 O - the ring of Peexitux {rElec rPois Str+6}
   (You found it on level 1 of the Swamp)

   [ring of strength]

   Str:       It affects your strength (+6).
   rElec:     It insulates you from electricity.
   rPois:     It protects you from poison.
 S - a ring of flight
Wands
 h - a wand of mindburst (9)
 l - a wand of flame (50)
 K - a wand of digging (6)
Scrolls
 g - 3 scrolls of poison
 j - 3 scrolls of immolation
 u - 4 scrolls of fear
 y - 19 scrolls of teleportation
 z - 2 scrolls of enchant weapon
 C - a scroll of fog
 E - 4 scrolls of magic mapping
 G - 2 scrolls of identify
 L - 7 scrolls of blinking
 Q - a scroll of enchant armour
 T - a scroll of acquirement
Potions
 e - 7 potions of lignification
 k - 3 potions of berserk rage
 m - 6 potions of heal wounds
 o - 6 potions of invisibility
 r - 6 potions of curing
 t - a potion of flight
 A - a potion of resistance
 I - 4 potions of might
 J - a potion of mutation
 N - 3 potions of haste
 P - a potion of brilliance


   Skills:
 + Level 18.0 Fighting
 + Level 19.4 Long Blades
 + Level 0.1 Throwing
 + Level 17.0 Armour
 + Level 9.2 Dodging
 + Level 3.0 Stealth
 + Level 16.4 Shields
 + Level 2.9 Invocations
 + Level 2.1 Evocations


You had 15 spell levels left.
You didn't know any spells.
Your spell library contained the following spells:

 Spells                   Type           Power      Damage    Failure   Level
 Apportation              Tloc           0%         N/A       78%         1
 Beastly Appendage        Tmut           0%         N/A       78%         1
 Freeze                   Ice            0%         1d3       78%         1
 Slow                     Hex            0%         N/A       78%         1
 Blink                    Tloc           0%         N/A       89%         2
 Cigotuvi's Dreadful Rot  Necr/Pois/Air  0%         N/A       89%         2
 Static Discharge         Conj/Air       0%         2-2/arc   89%         2
 Wereblood                Tmut           0%         N/A       89%         2
 Confusing Touch          Hex            0%         N/A       98%         3
 Dazzling Flash           Conj/Hex       0%         N/A       98%         3
 Frozen Ramparts          Ice            0%         1d1       98%         3
 Hailstorm                Conj/Ice       0%         3d3       98%         3
 Spider Form              Tmut/Pois      0%         N/A       98%         3
 Stone Arrow              Conj/Erth      0%         3d7       98%         3
 Vampiric Draining        Necr           0%         2d6       98%         3
 Airstrike                Air            0%         2d(0-16)  100%        4
 Dispel Undead            Necr           0%         3d6       100%        4
 Leda's Liquefaction      Hex/Erth       0%         N/A       100%        4
 Manifold Assault         Tloc           0%         N/A       100%        4
 Passage of Golubria      Tloc           0%         N/A       100%        4
 Agony                    Necr           0%         N/A       100%        5
 Alistair's Intoxication  Tmut/Pois      0%         N/A       100%        5
 Borgnjor's Vile Clutch   Necr/Erth      0%         N/A       100%        5
 Fireball                 Conj/Fire      0%         3d3       100%        5
 Iskenderun's Battlesphe  Conj           0%         2d6       100%        5
 Lee's Rapid Deconstruct  Erth           0%         3d4*      100%        5
 Silence                  Hex/Air        0%         N/A       100%        5
 Conjure Ball Lightning   Conj/Air       0%         3x3d6     100%        6
 Eringya's Noxious Bog    Tmut/Pois      0%         N/A       100%        6
 Iron Shot                Conj/Erth      0%         9d1       100%        6
 Statue Form              Tmut/Erth      0%         N/A       100%        6
 Orb of Destruction       Conj           0%         9d5       100%        7
 Storm Form               Tmut/Air       0%         N/A       100%        7
 Lehudib's Crystal Spear  Conj/Erth      0%         10d2      100%        8
 Chain Lightning          Conj/Air       0%         N/A       100%        9
 Fire Storm               Conj/Fire      0%         5d1       100%        9
 Shatter                  Erth           0%         3d5*      100%        9
 Animate Armour           Summ/Erth      Unusable   N/A       N/A         4
 Summon Lightning Spire   Summ/Air       Unusable   N/A       N/A         4
 Death Channel            Necr           Unusable   N/A       N/A         6
 Spellforged Servitor     Conj/Summ      Unusable   N/A       N/A         7

Dungeon Overview and Level Annotations

Branches:
Dungeon (15/15)            Temple (1/1) D:5            Lair (5/5) D:11
  Swamp (2/4) Lair:3       Spider (2/4) Lair:3        Slime (0/5) Lair:5
    Orc (2/2) D:11            Elf (0/3) Orc:2        Vaults (0/5) D:13
 Depths (0/4) D:15          IceCv (visited)

Altars:
Ashenzari
Dithmenos
Elyvilon
Fedhas
Gozag
Hepliaklqana
Kikubaaqudgha
Makhleb
Nemelex Xobeh
Okawaru
Qazlal
Ru
Sif Muna
Trog
Uskayaw
Vehumet
Wu Jian
Xom
Yredelemnul
Zin
The Shining One
Jiyva

Shops:
D:7 (   D:8 *   D:15 **   Orc:1 (   Orc:2 [(*:

Annotations:
D:12 Casa
Swamp:2 Mlioglotl
Orc:1 3 runed translucent doors, Litiric's ghost, journeyman GrBe
Orc:2 3 runed translucent doors, Voland's ghost, journeyman TeAE


Innate Abilities, Weirdness & Mutations

You have a pair of horns on your head.
You reflexively headbutt those who attack you in melee.


Message History

Mlioglotl barely misses you. Mlioglotl tramples you!
* * * LOW HITPOINT WARNING * * *
You hold your ground!
You block the large abomination's attack.
You block the iron imp's attack.
The thrashing horror tramples you but does no damage. x2
You block Mlioglotl's attack. Mlioglotl tramples you!
* * * LOW HITPOINT WARNING * * *
You hold your ground!
The thrashing horror tramples you but does no damage.
The thrashing horror closely misses you.
You hit Mlioglotl.
You headbutt Mlioglotl, but do no damage.
Mlioglotl is severely wounded.
You block the thrashing horror's attack. x2
The thrashing horror tramples you.
* * * LOW HITPOINT WARNING * * *
You hold your ground!
The thrashing horror barely misses you.
The large abomination hits you but does no damage.
Tentacles burst from the starspawn's body!
The thrashing horror closely misses you.
The thrashing horror tramples you but does no damage.
Mlioglotl churns violently!
Mlioglotl corrupts the dungeon around him!
The iron imp closely misses you. You furiously retaliate!
You headbutt the iron imp!
You kill the iron imp!
The iron imp disappears in a puff of smoke!
You hear a screech! 2 starspawn tentacles come into view.
You slash Mlioglotl! You headbutt Mlioglotl.
Mlioglotl is almost dead.
The thrashing horror barely misses you.
The thrashing horror tramples you but does no damage.
The large abomination hits you!!
* * * LOW HITPOINT WARNING * * *
Mlioglotl hits you.
* * * LOW HITPOINT WARNING * * *
Mlioglotl tramples you!!
You die...

~......~~§~~~.♣♣~...†~~.
♣~~..~~§~~~.♣.~~~~..~~
♣.~).~§~~~~.♣♣.~~~~~~♣
♣♣...~§~~~~.§♣♣~§~~~~♣
♣♣♣~~~~~~>..♣♣.~...~♣
♣♣♣~#.~~.5~♣~♣♣.~.♣♣♣♣
♣~.ww#.~♣♣♣♣.~[~~~.
♣<.XX§#♣♣ ~~~§~
♣♣~xX@X~♣ ♣♣
♣♣♣♣..XX♣♣♣.
.~.♣~x~~~~xh~.~~
~§§..~~~~~~..~~~
.~~~#.~~~~~~..~~
..~~...~...~~...
~.~.~~?~.~♣~.3.>
~...~~~~♣♣....~
..~~...~§♣ .~~


You could see Mlioglotl (strong, scary), a tentacled starspawn (summoned), 2
thrashing horrors, 2 large abominations, a sixfirhy (summoned), a raiju
(summoned), 3 small abominations and 2 starspawn tentacles.

Vanquished Creatures
  A shard shrike (IceCv)
  Jorgrun (Spider:1)
  Rupert (Lair:4)
  Gastronok (D:8)
  The ghost of popps the Tortoise, an adept MiBe of Trog (Swamp:1)
  An emperor scorpion (Spider:1)
  Aizul (Spider:1)
  An orc warlord (Orc:2)
  A broodmother (Spider:1)
  A bunyip (Swamp:1)
  Azrael (D:13)
  An eleionoma (Swamp:1)
  A spark wasp (Spider:2)
  A white draconian (IceCv)
  Josephine (D:13)
  An entropy weaver (Spider:1)
  4 fire dragons
  6 hydras
  A ghost crab (Swamp:1)
  A catoblepas (D:13)
  A jorogumo (Spider:1)
  6 ironbound frosthearts (IceCv)
  5 boulder beetles
  5 centaur warriors
  2 alligators
  4 two-headed ogres
  Erica (D:11)
  An orc high priest (Orc:2)
  A tengu warrior (D:10)
  A shock serpent (shapeshifter) (D:14)
  3 death yaks (D:11)
  Sonja (D:11)
  3 pharaoh ants (Spider:1)
  A skyshark (Lair:5)
  2 spriggan druids (Swamp:2)
  9 goliath frogs
  2 bog bodies (Swamp:1)
  2 swamp dragons
  3 orb spiders
  6 steelbarb worms
  An orange crystal statue (IceCv)
  A wizard (D:13)
  3 orc knights
  Pikel (D:5)
  7 wolf spiders
  The ghost of VerbalBBQ the Shield-Bearer, a novice FoFi of Okawaru (D:5)
  A deep elf zephyrmancer (D:13)
  5 orc sorcerers
  18 ugly things
  3 cyclopes
  3 manticores
  5 centaur zombies
  3 elephants (Lair:4)
  5 demonic crawlers
  2 moths of wrath
  A guardian serpent (Lair:5)
  8 black mambas
  14 cane toads
  2 torpor snails
  A gargoyle (D:11)
  An efreet (D:15)
  9 komodo dragons
  2 freezing wraiths
  Maggie (D:10)
  29 rime drakes
  5 unseen horrors
  13 trolls
  4 tyrant leeches
  4 meliai
  12 tarantellas (Spider:1)
  15 polar bears
  10 hornets (Lair:5)
  10 blink frogs
  10 dream sheep
  8 slime creatures
  6 shadows
  8 jumping spiders (Spider:1)
  29 yaks
  2 vampires (D:11)
  6 wraiths
  8 culicivoras
  11 wyverns
  A fire elemental (D:13)
  3 water elementals (D:13)
  10 steam dragons
  7 basilisks
  19 vampire mosquitoes
  5 swamp worms
  12 redbacks
  Menkaure (D:7)
  8 wargs
  Duvessa (D:7)
  4 acid dragons
  23 water moccasins
  A swamp drake (Lair:5)
  6 hell hounds (D:13)
  24 orc warriors
  4 ice beasts
  4 centaurs
  4 wolves (Lair:3)
  8 ogres
  A lemure (D:6)
  A phantom (D:4)
  A kobold brigand (D:10)
  Blork the orc (D:6)
  2 gnoll sergeants
  2 scorpions
  11 bullfrogs
  5 wights (D:8)
  Dowan (D:7)
  9 killer bees
  A howler monkey (D:6)
  5 electric eels (D:13)
  4 hounds
  A centaur skeleton (D:5)
  20 orc priests
  2 gnoll boudas
  14 iguanas
  2 bullfrog skeletons (D:5)
  A sleepcap (D:8)
  29 orc wizards
  A hell rat (D:11)
  7 adders
  28 gnolls
  A river rat (D:11)
  2 shadow imps
  3 worms
  A dart slug (D:2)
  68 orcs
  6 ball pythons
  4 endoplasms
  3 giant cockroaches
  8 goblins
  4 hobgoblins
  11 kobolds
  2 quokkas
  7 bats
  6 rats
795 creatures vanquished.

Vanquished Creatures (others)
  A bloated husk (Swamp:2)
  A wyvern (Lair:5)
  An acid dragon (Lair:5)
  2 gnolls (D:5)
  An orc (D:5)
  3 starspawn tentacles (Swamp:2)
9 creatures vanquished.

Grand Total: 804 creatures vanquished

Notes
Turn   | Place    | Note
-------+----------+-------------------------------------------
     0 | D:1      | Peloso the Minotaur Fighter began the quest for the Orb.
     0 | D:1      | Reached XP level 1. HP: 19/19 MP: 0/0
   114 | D:1      | Reached XP level 2. HP: 27/27 MP: 1/1
   568 | D:2      | Reached skill level 3 in Long Blades
   568 | D:2      | Reached XP level 3. HP: 29/33 MP: 2/2
   639 | D:2      | Found a hazy altar of Hepliaklqana.
   720 | D:2      | Noticed an ogre
   722 | D:2      | Killed an ogre
   723 | D:2      | Reached XP level 4. HP: 40/40 MP: 3/3
   952 | D:2      | Reached skill level 4 in Long Blades
  1234 | D:3      | You fall into a shaft and drop 1 floor!
  1257 | D:4      | Noticed a scorpion
  1277 | D:4      | Killed a scorpion
  1278 | D:4      | Reached XP level 5. HP: 47/47 MP: 4/4
  1297 | D:4      | Noticed an ogre
  1304 | D:4      | Killed an ogre
  1305 | D:4      | Reached skill level 5 in Long Blades
  1305 | D:4      | Reached skill level 5 in Armour
  1305 | D:4      | Reached skill level 1 in Dodging
  1305 | D:4      | Reached XP level 6. HP: 53/53 MP: 5/5
  1598 | D:4      | Reached skill level 5 in Shields
  1653 | D:4      | Reached skill level 5 in Fighting
  1653 | D:4      | Reached skill level 6 in Long Blades
  1653 | D:4      | Reached XP level 7. HP: 45/61 MP: 6/6
  1848 | D:3      | Found a hide-covered altar of Uskayaw.
  2332 | D:5      | Entered Level 5 of the Dungeon
  2352 | D:5      | Found a staircase to the Ecumenical Temple.
  2361 | Temple   | Entered the Ecumenical Temple
  2384 | Temple   | Became a worshipper of Warmaster Okawaru
  2439 | D:5      | Noticed a steam dragon
  2604 | Temple   | Killed a steam dragon
  2605 | Temple   | Reached skill level 7 in Long Blades
  2605 | Temple   | Reached skill level 1 in Stealth
  2823 | D:5      | Found a runed translucent gate.
  2824 | D:5      | Found a runed translucent gate.
  2824 | D:5      | Found a runed translucent gate.
  2929 | D:5      | Found a blossoming altar of Fedhas.
  2969 | D:5      | Reached * piety under Okawaru
  3003 | D:5      | Found an opulent altar of Gozag.
  3110 | D:5      | Identified the +1 ring mail of Untold Secrets {rElec Dex+3}
  3311 | D:5      | Noticed VerbalBBQ's ghost (novice FoFi)
  3339 | D:6      | Noticed Pikel
  3352 | D:5      | Killed Pikel
  3353 | D:5      | Reached skill level 8 in Long Blades
  3353 | D:5      | Reached XP level 8. HP: 40/70 MP: 7/7
  3456 | D:6      | Found a sparkling altar of Nemelex Xobeh.
  3473 | D:6      | Reached ** piety under Okawaru
  3476 | D:6      | Noticed Blork the orc
  3482 | D:6      | Reached skill level 9 in Long Blades
  3490 | D:6      | Killed Blork the orc
  3582 | D:6      | Found a stormy altar of Qazlal.
  3758 | D:6      | Found a hazy altar of Hepliaklqana.
  4095 | D:6      | Reached skill level 10 in Long Blades
  4095 | D:6      | Reached XP level 9. HP: 56/78 MP: 8/8
  4383 | D:7      | Found a bloodstained altar of Trog.
  4578 | D:7      | Reached *** piety under Okawaru
  4603 | D:7      | Noticed Duvessa
  4631 | D:7      | Noticed Dowan
  4632 | D:7      | Killed Duvessa
  4642 | D:7      | Killed Dowan
  4700 | D:7      | Noticed Menkaure
  4720 | D:7      | Killed Menkaure
  4723 | D:7      | Reached skill level 11 in Long Blades
  5103 | D:7      | Found Vyuwedgh's Antique Weapon Shop.
  5291 | D:8      | Found Xeluir's Assorted Antiques.
  5291 | D:8      | Noticed a troll
  5300 | D:8      | Killed a troll
  5315 | D:8      | Bought a scroll labelled FUMIOL ZUINITH for 19 gold pieces
  5432 | D:8      | Noticed Gastronok
  5477 | D:8      | Killed Gastronok
  5477 | D:8      | Reached **** piety under Okawaru
  5478 | D:8      | Reached skill level 12 in Long Blades
  5478 | D:8      | Reached XP level 10. HP: 66/88 MP: 7/9
  5609 | D:8      | Reached ***** piety under Okawaru
  5761 | D:8      | Found a burning altar of Makhleb.
  5816 | D:8      | Found a sacrificial altar of Ru.
  6223 | D:9      | Found a shimmering blue altar of Sif Muna.
  6418 | D:9      | Reached skill level 13 in Long Blades
  6418 | D:9      | Reached skill level 10 in Armour
  6826 | D:9      | Found an ancient bone altar of Kikubaaqudgha.
  6895 | D:10     | Entered Level 10 of the Dungeon
  7136 | D:10     | Noticed a tengu warrior
  7188 | D:10     | Identified the +0 pair of boots of Edovit {Harm} (Okawaru
                  | gifted it to you on level 10 of the Dungeon)
  7188 | D:10     | Received a gift from Okawaru
  7189 | D:10     | Reached XP level 11. HP: 86/95 MP: 10/10
  7219 | D:10     | Noticed a two-headed ogre
  7225 | D:10     | Killed a two-headed ogre
  7273 | D:10     | Killed a tengu warrior
  7328 | D:10     | Identified the +1 morningstar of the Inviting King {speed,
                  | rElec rC+ Int+3}
  7467 | D:10     | Noticed Maggie
  7476 | D:10     | Killed Maggie
  7477 | D:10     | Reached skill level 14 in Long Blades
  7557 | D:10     | Found a broken altar of Ashenzari.
  7587 | D:10     | Found a shadowy altar of Dithmenos.
  7602 | D:10     | Found a shimmering altar of Xom.
  7602 | D:10     | Found a shimmering altar of Xom.
  7602 | D:10     | Found a shimmering altar of Xom.
  7602 | D:10     | Found a shimmering altar of Xom.
  7602 | D:10     | Found a shimmering altar of Xom.
  7603 | D:10     | Found a shimmering altar of Xom.
  7603 | D:10     | Found a shimmering altar of Xom.
  7727 | D:10     | Found a basalt altar of Yredelemnul.
  8002 | D:11     | Noticed a boulder beetle
  8003 | D:11     | Identified the +5 sling "Bazoujouq" {elec, rElec Will+
                  | rCorr}
  8003 | D:11     | Noticed a centaur warrior
  8060 | D:10     | Killed a boulder beetle
  8061 | D:10     | Reached skill level 1 in Invocations
  8117 | D:11     | Noticed a centaur warrior
  8367 | D:11     | Killed a centaur warrior
  8381 | D:11     | Killed a centaur warrior
  8391 | D:11     | Reached skill level 10 in Fighting
  8391 | D:11     | Reached skill level 5 in Dodging
  8499 | D:11     | Noticed a death yak
  8512 | D:11     | Noticed a death yak
  8513 | D:11     | Noticed a death yak
  8520 | D:11     | Reached skill level 1 in Evocations
  8535 | D:11     | Killed a death yak
  8554 | D:11     | Killed a death yak
  8555 | D:11     | Reached XP level 12. HP: 105/106 MP: 11/11
  8574 | D:11     | Killed a death yak
  8613 | D:11     | Noticed Sonja
  8631 | D:11     | Identified the +8 falchion "Xeontu" {venom, Int+2} (Okawaru
                  | gifted it to you on level 11 of the Dungeon)
  8631 | D:11     | Received a gift from Okawaru
  8636 | D:11     | Reached skill level 10 in Shields
  8642 | D:11     | Killed Sonja
  8698 | D:11     | Noticed Erica
  8703 | D:11     | Identified the +0 robe "Kanyxa Rocu" {Dex+2}
  8733 | D:11     | Killed Erica
  8866 | D:11     | Found a staircase to the Lair.
  8905 | D:11     | Identified the +3 ring mail of Miracles {rC- Str+4 Slay+2}
  8977 | D:11     | Found a staircase to the Orcish Mines.
  9033 | D:11     | Noticed a two-headed ogre
  9045 | D:11     | Killed a two-headed ogre
  9418 | Lair:1   | Entered Level 1 of the Lair of Beasts
  9717 | Lair:1   | Received a gift from Okawaru
  9927 | Lair:1   | Reached skill level 15 in Long Blades
 11108 | Lair:3   | Noticed a boulder beetle
 11141 | Lair:3   | Killed a boulder beetle
 11407 | Lair:3   | Found a staircase to the Swamp.
 11407 | Lair:3   | Noticed a five-headed hydra
 11427 | Lair:3   | Killed a one-headed hydra
 11721 | Lair:3   | Reached XP level 13. HP: 118/118 MP: 13/13
 11858 | Lair:3   | Found a hole to the Spider Nest.
 12578 | D:5      | Killed VerbalBBQ's ghost
 12700 | Orc:1    | Entered Level 1 of the Orcish Mines
 13121 | D:12     | Found a white marble altar of Elyvilon.
 13554 | Orc:2    | Entered Level 2 of the Orcish Mines
 13604 | Orc:2    | Found a staircase to the Elven Halls.
 13619 | Orc:2    | Paralysed by an orc sorcerer for 4 turns
 13775 | Orc:2    | Found a runed translucent gate.
 13775 | Orc:2    | Found a runed translucent gate.
 13775 | Orc:2    | Found a runed translucent gate.
 13776 | Orc:2    | Noticed a merfolk javelineer
 13778 | Orc:2    | Noticed a merfolk javelineer
 13784 | Orc:2    | Noticed Voland's ghost (journeyman TeAE)
 13786 | Orc:2    | Noticed a stone giant
 13862 | Orc:2    | Paralysed by an orc sorcerer for 2 turns
 13870 | Orc:2    | Identified the +1 pair of gloves of Isadu {rPois Str+3
                  | Int+2} (Okawaru gifted it to you on level 2 of the Orcish
                  | Mines)
 13870 | Orc:2    | Received a gift from Okawaru
 13970 | Orc:2    | Noticed an orc warlord
 13972 | Orc:2    | Paralysed by an orc sorcerer for 3 turns
 14060 | Orc:2    | Paralysed by an orc sorcerer for 5 turns
 14217 | Orc:2    | Killed an orc warlord
 14351 | Orc:2    | Reached skill level 16 in Long Blades
 14390 | Orc:2    | Found Zuroyr's Book Shop.
 14424 | Orc:2    | Identified a scroll of acquirement
 14470 | Orc:2    | Found Guhos's General Store.
 14478 | Orc:2    | Bought a scroll of teleportation for 39 gold pieces
 14478 | Orc:2    | Bought a scroll of identify for 26 gold pieces
 14486 | Orc:2    | Found Sugetoim's Antique Armour Shop.
 14503 | Orc:2    | Found Xotu's Antique Weapon Shop.
 14516 | Orc:2    | Bought an iridescent long sword for 255 gold pieces
 14516 | Orc:2    | Identified the +4 long sword "Duskoist" {freeze, rPois rF+
                  | rC-} (You bought it in a shop on level 2 of the Orcish
                  | Mines)
 14575 | Orc:2    | Bought a pair of embroidered boots for 202 gold pieces
 14962 | Orc:2    | Identified the +4 scale mail "Cuadgh" {Str+2}
 15082 | Orc:2    | Found an iron altar of Okawaru.
 15154 | Orc:1    | Found a runed translucent gate.
 15155 | Orc:1    | Found a runed translucent gate.
 15155 | Orc:1    | Found a runed translucent gate.
 15155 | Orc:1    | Noticed Litiric's ghost (journeyman GrBe)
 15694 | Orc:1    | Found Onegof Xonu's Antique Weapon Emporium.
 16133 | D:13     | Noticed Josephine
 16141 | D:13     | Killed Josephine
 16158 | D:13     | Identified the +0 demon blade of Youthful Indiscretion
                  | {vamp, rC+ Dex+3} (Okawaru gifted it to you on level 13 of
                  | the Dungeon)
 16158 | D:13     | Received a gift from Okawaru
 16325 | D:13     | Reached XP level 14. HP: 119/130 MP: 14/14
 16331 | D:13     | Noticed Azrael
 16354 | D:13     | Killed Azrael
 16447 | D:13     | Found a gate to the Vaults.
 16872 | Lair:4   | Identified the +7 demon blade "Kyewuwnay" {vamp, Fragile
                  | rC++} (Okawaru gifted it to you on level 4 of the Lair of
                  | Beasts)
 16872 | Lair:4   | Received a gift from Okawaru
 17156 | Lair:4   | Reached ****** piety under Okawaru
 17349 | Lair:4   | Received a gift from Okawaru
 17352 | Lair:4   | Reached skill level 17 in Long Blades
 17602 | Lair:4   | Noticed Rupert
 17617 | Lair:4   | Killed Rupert
 17618 | Lair:4   | Reached skill level 15 in Armour
 17838 | Lair:5   | Entered Level 5 of the Lair of Beasts
 18243 | Lair:5   | Received a gift from Okawaru
 18343 | Lair:5   | Reached skill level 15 in Fighting
 18584 | Lair:5   | Paralysed by a hornet for 2 turns
 18598 | Lair:5   | Reached XP level 15. HP: 65/141 MP: 16/16
 18640 | Lair:5   | Paralysed by a hornet for 1 turns
 18839 | Lair:5   | Found a viscous altar of Jiyva.
 18839 | Lair:5   | Found a staircase to the Slime Pits.
 19252 | Lair:5   | Identified the +6 triple sword of Dried Tears {flame, rElec
                  | rCorr Int+2} (Okawaru gifted it to you on level 5 of the
                  | Lair of Beasts)
 19252 | Lair:5   | Received a gift from Okawaru
 20773 | D:15     | Entered Level 15 of the Dungeon
 20773 | D:15     | Found Naedefiu's Gadget Gallery.
 20796 | D:15     | Found a broken altar of Ashenzari.
 20811 | D:15     | Found a frozen archway.
 20863 | IceCv    | Entered an ice cave
 21091 | IceCv    | Reached skill level 18 in Long Blades
 21166 | IceCv    | Received a gift from Okawaru
 21239 | IceCv    | Identified the +2 battleaxe of Blind Justice {antimagic,
                  | rN+}
 21431 | IceCv    | Received a gift from Okawaru
 21512 | IceCv    | Noticed a shard shrike
 21565 | IceCv    | Killed a shard shrike
 21566 | IceCv    | Reached skill level 15 in Shields
 21922 | D:15     | Identified the +1 ring mail of a Gauntlet {rF+ Int+5 Dex-3}
 21938 | D:15     | Found Ylan's Assorted Antiques.
 22158 | D:15     | Found a staircase to the Depths.
 23142 | Spider:1 | Entered Level 1 of the Spider Nest
 23269 | Spider:1 | Noticed Jorgrun
 23281 | Spider:1 | Killed Jorgrun
 23322 | Spider:1 | Reached XP level 16. HP: 152/152 MP: 17/17
 23699 | Spider:1 | Identified the scarf of Derghakk {shadows, Regen+ MP-9
                  | Str+4} (Okawaru gifted it to you on level 1 of the Spider
                  | Nest)
 23699 | Spider:1 | Received a gift from Okawaru
 24520 | Spider:1 | Reached skill level 19 in Long Blades
 25095 | Spider:2 | Noticed Aizul
 25391 | Spider:1 | Killed Aizul
 26013 | Swamp:1  | Entered Level 1 of the Swamp
 26281 | Swamp:1  | Found a runed translucent door.
 26287 | Swamp:1  | Noticed popps's ghost (adept MiBe)
 26519 | Swamp:1  | Identified the +3 hand axe "Rich" {drain, Fly rN+}
 26808 | Swamp:1  | Killed popps's ghost
 26810 | Swamp:1  | Identified the ring of Peexitux {rElec rPois Str+6}
 27025 | Swamp:2  | Noticed Mlioglotl
 27032 | Swamp:2  | Noticed a tentacled starspawn
 27060 | Swamp:2  | Demolished by Mlioglotl

Illustrated notes

Levels and vault maps discovered:
D:1:      dpeg_arrival_round_c, layout_rooms, glass_columns_b
D:2:      layout_basic, basic_altar
D:3:      layout_loops_ring, mainiacjoe_overflow_cross_hatched, grunt_decor_cap
D:4:      layout_basic, minmay_fractal_squares_gapless_5
D:5:      layout_basic, overflow_temple_1_default, mainiacjoe_overflow_alcove_1,
          minmay_temple_entry_mini_moons, gammafunk_ghost_necromancy
D:6:      layout_loops_ring, mainiacjoe_overflow_tiny_flanked,
          general_overflow_altar, amcnicky_altar_gilded, uniq_pikel,
          uniq_blork_the_orc
D:7:      layout_cave_pods, lemuel_coloured_pillars_altar, serial_shops, shop,
          uniq_menkaure, uniq_duvessa
D:8:      layout_basic, nicolae_ru_great_annihilating_truth,
          mainiacjoe_overflow_small_starburst, serial_shops, shop,
          uniq_gastronok
D:9:      layout_gridville, mainiacjoe_overflow_swirl
D:10:     minmay_clustersquares, layout_irregular_city,
          lemuel_zombie_altar_yredelemnul, xom_shifter_show,
          mainiacjoe_overflow_paths, grunt_dithmenos_smoke_and_mirrors,
          uniq_maggie
D:11:     layout_roguey, dpeg_lair_monsters, orc_0_dummy, serial_undead,
          serial_undead_e, serial_undead_b, serial_undead_b, serial_undead_b,
          minmay_bent, uniq_erica, uniq_sonja
D:12:     layout_cave_pools, elyvilon_altar_3
D:13:     layout_basic, david_vaults_1, uniq_josephine, uniq_azrael
D:14:     layout_irregular_city, dreamdust_wishing_well
D:15:     grunt_enter_depths_hoard, layout_long_grid,
          portal_ice_cave_entry_pillars_2, evilmike_ruin_ashenzari,
          serial_shops, nicolae_shop_overgrown_old_shop, nicolae_shop_gadgets
Temple:   nicolae_temple_bog_church
Lair:1:   layout_cave_pods
Lair:2:   layout_loops_ring, fungi_pond_lemuel
Lair:3:   layout_layer_cave, minmay_swamp_entry_reptiles,
          hellmonk_spider_entry_not_the_bees, minmay_stone_trees_small,
          cheibrodos_lair_caveside_slide
Lair:4:   layout_roguey, st_stairs_8, bobbens_dragon_lair_wall, uniq_rupert
Lair:5:   guppyfry_lair_end_dragon, layout_regular_city,
          hangedman_lair_tendril_chambers, slime_entry_1, dreamdust_wasp_nest
Swamp:1:  layout_basic_swamp, gammafunk_ghost_grave, hangedman_swamp_ruin_wall
Swamp:2:  layout_basic_swamp, nicolae_swamp_ascending_descending, uniq_mlioglotl
Spider:1: layout_spider_delve, uniq_jorgrun
Spider:2: layout_spider_delve, uniq_aizul
Orc:1:    layout_diamond_mine, serial_shops, shop, gammafunk_ghost_split,
          nicolae_orc_pool_cavern
Orc:2:    grunt_orc_cross, layout_diamond_mine, gammafunk_ghost_fury_of_okawaru,
          nooodl_orcs_dogs

Skill      XL: |  1  2  3  4  5  6  7  8  9 10 11 12 13 14 15 16 |
---------------+-------------------------------------------------+-----
Armour         | 4 5 6 7 8 10 11 13 14 15 16 17 | 17.0
Shields        | 4 5 6 7 9 11 12 14 15 16 | 16.4
Fighting       | 4 5 6 8 10 12 13 15 16 18 | 18.0
Long Blades    | 3 4 5 6 8 10 12 13 14 15 16 17 18 19 | 19.4
Dodging        | 1 2 3 4 5 6 7 8 9 |  9.2
Stealth        | 1 2 3 |  3.0
Invocations    | 1 2 |  2.9
Evocations     | 1 2 |  2.1
Throwing       | |  0.1

Action                     |  1- 3 |  4- 6 |  7- 9 | 10-12 | 13-15 | 16-18 || total
---------------------------+-------+-------+-------+-------+-------+-------++-------
  Melee: Long sword        |    31 |    98 |   378 |   539 |    51 |       ||  1097
         Headbutt          |     7 |    14 |    72 |   203 |   425 |   134 ||   855
         Falchion          |       |       |       |   219 |   971 |       ||  1190
         Scimitar          |       |       |       |    10 |   192 |       ||   202
         Demon blade       |       |       |       |       |   344 |   524 ||   868
  Throw: Throwing net      |       |       |     1 |       |       |       ||     1
 Invoke: Heroism           |       |       |     3 |     9 |     8 |     2 ||    22
  Evoke: Wand              |       |       |       |     7 |    18 |       ||    25
    Use: Potion            |     5 |     1 |     3 |     6 |     3 |     2 ||    20
         Scroll            |       |       |     9 |     6 |    12 |     1 ||    28
   Stab: Sleeping          |       |       |     1 |       |       |       ||     1
         Paralysed         |       |       |       |     1 |       |       ||     1
         Distracted        |       |       |       |       |       |     1 ||     1
 Armour: Scale mail        |    10 |    49 |     9 |       |       |       ||    68
         Chain mail        |       |       |   193 |   401 |   733 |   349 ||  1676
         Skin              |       |       |    13 |       |       |       ||    13
  Dodge: Dodged            |    12 |    46 |   163 |   317 |   726 |   442 ||  1706
  Block: Buckler           |     5 |    29 |    81 |   242 |   588 |   330 ||  1275
